 Dungeon Crawl Stone Soup version 0.31.0-10-gcf4a605ca0 (webtiles) character file.

Game seed: 1235309560305578094

41351 sanka the Brawler (level 13, 0/127 HPs)
             Began as a Troll Shapeshifter on Jan 25, 2024.
             Was a High Priest of the Shining One.
             Killed from afar by an ice dragon (19 damage)
             ... with a blast of cold
             ... on level 15 of the Dungeon.
             The game lasted 00:29:57 (14607 turns).

sanka the Brawler (Troll Shapeshifter)             Turns: 14607, Time: 00:29:58

Health: 0/127      AC: 15    Str: 25    XL:     13   Next: 79%
Magic:  13/15      EV:  8    Int:  6    God:    the Shining One [*****.]
Gold:   1888       SH: 30    Dex: 13    Spells: 12/12 levels left

rFire   + +          .
                       - Unarmed
rCold   + . .        E - +0 tower shield of the Circus Animal {^Drain rElec rF+}
rNeg    + + .        P - +0 steam dragon scales
rPois   +            (helmet currently unavailable)
rElec   +            (cloak currently unavailable)
rCorr   +            (gloves unavailable)
SInv    .            (boots unavailable)
Will    .....        a - amulet of reflection
Stlth   +            O - +4 ring of protection
HPRegen 1.21/turn    S - +4 ring of protection
MPRegen 0.14/turn

%: reflection
@: divinely shielded, beast-form, resistant, glowing, studying 2 skills
A: beast (slay +4), large, unfitting armour, claws 3, regeneration 1, shaggy fur
1, tough skin 1
a: Begin Untransformation, Renounce Religion, Divine Shield, Cleansing Flame,
Summon Divine Warrior


You were on level 15 of the Dungeon.
You worshipped the Shining One.
The Shining One was extremely pleased with you.
You were a hulking beast.
You visited 2 branches of the dungeon, and saw 16 of its levels.
You also visited: Ossuary and Bailey.

You collected 2049 gold pieces.
You spent 161 gold pieces at shops.


Innate Abilities, Weirdness & Mutations

You are a hulking beast.
Your limbs bulge with bestial killing power. (Slay +4)
You are too large for most types of armour.
You have claws for hands.
Your natural rate of healing is unusually fast.
You are covered in fur. (AC +1)
You have tough skin. (AC +1)


   Skills:
 - Level 8.0 Fighting
 - Level 1.5 Dodging
 + Level 13.3 Shields
 - Level 15.0 Unarmed Combat
 - Level 5.0 Invocations
 - Level 7.0 Shapeshifting


You had 12 spell levels left.
You didn't know any spells.
Your spell library contained the following spells:

 Spells                   Type           Power      Damage    Failure   Level
 Freeze                   Ice            0%         1d3       78%         1
 Kiss of Death            Conj/Necr      0%         2d5       78%         1
 Summon Small Mammal      Summ           0%         N/A       78%         1
 Call Imp                 Summ           0%         N/A       89%         2
 Jinxbite                 Hex            0%         N/A       89%         2
 Sublimation of Blood     Necr           0%         N/A       89%         2
 Call Canine Familiar     Summ           0%         N/A       98%         3
 Frozen Ramparts          Ice            0%         1d1       98%         3
 Hailstorm                Conj/Ice       0%         3d5       98%         3
 Sigil of Binding         Hex            0%         N/A       98%         3
 Volatile Blastmotes      Fire/Tloc      0%         2d10      98%         3
 Dimensional Bullseye     Hex/Tloc       0%         N/A       100%        4
 Fulminant Prism          Conj/Alch      0%         3d5       100%        4
 Iskenderun's Mystic Bla  Conj/Tloc      0%         2d3       100%        4
 Yara's Violent Unravell  Hex/Alch       0%         3d3       100%        5
 Enfeeble                 Hex            0%         N/A       100%        7
 Summon Hydra             Summ           0%         N/A       100%        7
 Summon Horrible Things   Summ           0%         N/A       100%        8
 Chain Lightning          Conj/Air       0%         N/A       100%        9

Inventory:

Hand Weapons
 b - a +0 scimitar of flaming
Missiles
 L - a curare-tipped dart {=f}
Armour
 E - the +0 tower shield of the Circus Animal (worn) {^Drain rElec rF+} rF+: It protects you from fire. rElec: It insulates you from electricity. ^Drain: It drains your maximum health when unequipped.
 P - +0 steam dragon scales (worn)
 T - a +0 robe of resistance
 W - a +0 cloak
Jewellery
 a - an amulet of reflection (around neck)
 j - a ring of willpower
 A - an amulet of faith
 O - a +4 ring of protection (left claw)
 S - a +4 ring of protection (right claw)
Talismans
 d - a flux talisman
 B - a beast talisman
 U - a maw talisman
Wands
 m - a wand of roots (8)
 n - a wand of digging (6)
 o - a wand of flame (33)
 C - a wand of polymorph (7)
 F - a wand of acid (19)
 M - a wand of charming (10)
 X - a wand of mindburst (7)
Scrolls
 e - 4 scrolls of revelation
 f - 3 scrolls of vulnerability {!r}
 g - 4 scrolls of teleportation {@r4}
 h - 6 scrolls of poison {!r}
 l - a scroll of butterflies {unknown}
 p - 5 scrolls of noise {!r}
 r - 8 scrolls of fear
 v - 3 scrolls of brand weapon
 w - 5 scrolls of enchant armour
 y - 3 scrolls of fog
 D - 5 scrolls of enchant weapon
 H - 5 scrolls of blinking
 Q - a scroll of torment {unknown}
 Y - a scroll of identify {@r1}
Potions
 c - 2 potions of heal wounds {unknown}
 i - 4 potions of enlightenment {unknown}
 k - 3 potions of might {unknown}
 q - 3 potions of attraction {unknown}
 s - 3 potions of resistance
 t - 2 potions of degeneration {unknown}
 u - 4 potions of curing {unknown}
 x - 2 potions of magic {unknown}
 z - 3 potions of ambrosia {unknown}
 G - 2 potions of lignification {!q}
 I - a potion of cancellation {unknown}
 J - 2 potions of haste {unknown}
 K - a potion of mutation {unknown}
 R - 3 potions of brilliance {unknown}
Miscellaneous
 N - a phial of floods
 V - a box of beasts

Dungeon Overview and Level Annotations

Branches:
Dungeon (15/15)            Temple (1/1) D:4            Lair (0/5) D:9
    Orc (0/2) D:11         Vaults (0/5) D:14        Ossuary (visited)
 Bailey (visited)
 Depths: D:15

Altars:
Ashenzari
Cheibriados
Dithmenos
Elyvilon
Fedhas
Gozag
Hepliaklqana
Kikubaaqudgha
Makhleb
Nemelex Xobeh
Okawaru
Qazlal
Ru
Sif Muna
Trog
Uskayaw
Vehumet
Wu Jian
Xom
Yredelemnul
Zin
The Shining One

Shops:
D:6 *[   D:8 [   D:10 [[((=

Portals:
Trove: D:11 (give 13 potions of heal wounds)

Annotations:
D:9 exclusion: downstairs
D:11 exclusion: downstairs
D:14 exclusion: downstairs

....▒..........▒.......▒.........
.▒▒.▒▒▒▒..▒▒▒'▒▒.......▒▒▒.▒▒▒▒.▒
.▒▒.▒▒▒▒▒▒▒▒▒.▒.....▒'▒▒▒▒.▒▒▒▒.▒
.......'......▒.....▒............
.......▒......▒.....▒............
+▒▒▒▒▒▒▒▒▒▒▒▒▒▒.....▒▒▒.▒▒.▒▒▒▒▒▒
..................▒▒▒ ▒.▒▒.▒▒▒▒▒▒
...........▒....D.▒ ▒▒▒▒..'....
...........▒▒..8h▒▒ ▒▒.▒....
............▒▒..D▒ ▒▒▒....
.............▒▒.....▒ ▒▒▒▒▒▒
▒▒▒.....▒+▒▒▒+▒▒▒▒▒..... ▒▒.....
..'.....'.....▒...▒▒.$$$ ▒▒......
..▒.....▒.....▒....▒▒▒▒▒▒▒......†
▒▒▒.....▒..▒▒▒▒..................
....▒+▒▒▒..▒.....▒▒▒▒...^.......▒
....+......▒.....+..▒.....▒▒▒▒▒▒▒


You could see 2 ice dragons.


Message History

You block the ice dragon's attack. The ice dragon tramples you.
* * * LOW HITPOINT WARNING * * *
You hold your ground!
You barely miss the ice dragon.
The ice dragon is almost dead.
The ice dragon bites you but does no damage.
You block the ice dragon's attack. You block the ice dragon's attack.
You block the ice dragon's attack. You block the ice dragon's attack.
The ice dragon tramples you but does no damage.
Unknown command.
You feel protected. You block the ice dragon's attack.
You block the ice dragon's attack. You block the ice dragon's attack.
The ice dragon bites you but does no damage.
You block the ice dragon's attack.
The ice dragon tramples you but does no damage.
Unknown command.
You claw the ice dragon!
The ice dragon is almost dead.
You block the ice dragon's attack. You block the ice dragon's attack.
The ice dragon tramples you but does no damage.
The ice dragon breathes frost at you. The blast of cold hits you!! You resist.
You die...

Action                     |  1- 3 |  4- 6 |  7- 9 | 10-12 | 13-15 || total
---------------------------+-------+-------+-------+-------+-------++-------
  Melee: Unarmed           |    78 |    90 |   222 |   555 |   148 ||  1093
         Punch             |       |     4 |     4 |       |       ||     8
 Invoke: Divine Shield     |       |       |       |     4 |     2 ||     6
    Use: Scroll            |       |       |       |    15 |     2 ||    17
         Potion            |       |       |       |       |     1 ||     1
   Stab: Sleeping          |     3 |       |       |       |       ||     3
 Armour: Animal skin       |    53 |    70 |   131 |    54 |       ||   308
         Steam dragon scal |       |       |       |   231 |    80 ||   311
  Dodge: Dodged            |    30 |    37 |    67 |   123 |    18 ||   275
  Block: Kite shield       |       |       |    23 |   246 |       ||   269
         Reflection        |       |       |       |    11 |    11 ||    22
         Tower shield      |       |       |       |   121 |   176 ||   297

Levels and vault maps discovered:
D:1:      nicolae_arrival_somewhat_less_tricky_arrival, layout_loops_cross
D:2:      layout_loops_ring, uniq_crazy_yiuf_cottage
D:3:      layout_basic, vehumet_altar_wand_db, uniq_terence
D:4:      layout_layer_cave, lemuel_doored_altar,
          mainiacjoe_overflow_tiny_flanked, overflow_temple_1_default,
          minmay_temple_entry_mist, enter_ossuary_1, eino_tiny_chamber
D:5:      layout_loops_ring, lightli_temple_of_fire
D:6:      wad_guarded_room, layout_loops_ring, serial_shops,
          nicolae_shop_temple_entry_statues_fountains, nicolae_shop_fire_sale
          [nicolae_sub_dead_trees]
D:7:      kennysheep_windowed_halls, layout_cave_pools,
          ashenzari_conservatory_becter, yredelemnul_forgotten_temple_becter,
          mainiacjoe_overflow_24_doors, enter_bailey_5
D:8:      layout_cave_pods, nicolae_sif_muna_condensation,
          nemelex_spade_bored_becter, regret_index_xom_of_box,
          lemuel_coloured_pillars_altar, serial_shops,
          nicolae_shop_tiny_real_fake_doors, minmay_lizard_king
D:9:      gammafunk_cloud_chamber, layout_long_grid,
          due_lair_maze_entry_diamond, uniq_prince_ribbit1
D:10:     layout_irregular_city, mainiacjoe_overflow_divided_tiny,
          amcnicky_altar_gilded, serial_shops, nicolae_shop_trees,
          nicolae_square_shop, nicolae_shop_back_alley_shop,
          nicolae_shop_getting_attention, nicolae_shop_advertising_works
          [nicolae_subvault_shop_adworks]
D:11:     layout_loops_ring, orc_0_dummy, nicolae_trove_entry_columns,
          serial_ice, serial_ice_h, serial_ice_f, serial_ice_c, serial_ice_j,
          serial_ice_o, serial_ice_a, gammafunk_ghost_spectres
D:12:     layout_roguey, uniq_frances
D:13:     layout_loops_cross
D:14:     nzn_winding_woodlands_medium [nzn_winding_woodlands_5x5_checkerboard,
          nzn_winding_woodlands_5x15_cabin, nzn_winding_woodlands_5x5_cross,
          nzn_winding_woodlands_5x5_default, nzn_winding_woodlands_center_lodge,
          nzn_winding_woodlands_5x5_default,
          nzn_winding_woodlands_5x5_closed_star,
          nzn_winding_woodlands_5x15_default,
          nzn_winding_woodlands_5x5_default], layout_basic, erik_vaults_1,
          serial_corexii_hall, chequers_hall_statues_wall_a,
          corexii_hall_statues_i, corexii_hall_statues_i,
          chequers_hall_statues_corner_a
D:15:     grunt_enter_depths_hoard, layout_gridville, nzn_wu_jian_council_hall
Temple:   nicolae_temple_great_sept

Notes
Turn   | Place    | Note
-------+----------+-------------------------------------------
     0 | D:1      | sanka the Troll Shapeshifter began the quest for the Orb.
     0 | D:1      | Reached XP level 1. HP: 18/18 MP: 0/0
    66 | D:1      | Reached skill level 1 in Fighting
    84 | D:1      | Reached XP level 2. HP: 27/27 MP: 1/1
   881 | D:2      | Reached XP level 3. HP: 35/35 MP: 2/2
   961 | D:2      | Found a runed translucent door.
   962 | D:2      | Noticed Crazy Yiuf
   989 | D:2      | Reached skill level 2 in Fighting
  1564 | D:3      | Reached skill level 4 in Unarmed Combat
  1564 | D:3      | Reached XP level 4. HP: 40/44 MP: 3/3
  2072 | D:3      | Noticed Terence
  2074 | D:3      | Killed Terence
  2110 | D:3      | Found a radiant altar of Vehumet.
  2242 | D:4      | Reached XP level 5. HP: 46/52 MP: 4/4
  2263 | D:4      | Found a staircase to the Ecumenical Temple.
  2277 | D:4      | Reached skill level 3 in Fighting
  2278 | Temple   | Entered the Ecumenical Temple
  2288 | Temple   | Became a worshipper of the Shining One
  2304 | D:4      | Found an ornate altar of the Wu Jian Council.
  2317 | D:4      | Reached skill level 5 in Unarmed Combat
  2377 | D:4      | Found a sand-covered staircase.
  2386 | Ossuary  | Entered an ossuary
  2421 | Ossuary  | Reached XP level 6. HP: 58/61 MP: 5/5
  2453 | Ossuary  | Reached * piety under the Shining One
  2463 | Ossuary  | Reached skill level 6 in Unarmed Combat
  2492 | Ossuary  | Reached skill level 7 in Unarmed Combat
  2500 | Ossuary  | Reached XP level 7. HP: 54/67 MP: 6/6
  2588 | Ossuary  | Reached skill level 8 in Unarmed Combat
  2650 | Ossuary  | Reached ** piety under the Shining One
  2658 | Ossuary  | Reached skill level 9 in Unarmed Combat
  2795 | D:4      | Found a blossoming altar of Fedhas.
  2818 | D:4      | Found a snail-covered altar of Cheibriados.
  3683 | D:5      | Entered Level 5 of the Dungeon
  3695 | D:5      | Reached XP level 8. HP: 75/75 MP: 7/7
  3785 | D:5      | Reached skill level 10 in Unarmed Combat
  4070 | D:5      | Reached skill level 4 in Shapeshifting
  4177 | D:5      | Found a burning altar of Makhleb.
  4608 | D:6      | Found Ofureu's Fire Supplies.
  4663 | D:6      | Found Jovorghe's Armour Emporium.
  4797 | D:6      | Reached skill level 4 in Fighting
  5071 | D:6      | Reached XP level 9. HP: 80/85 MP: 8/8
  5083 | D:6      | Reached skill level 5 in Shapeshifting
  5099 | D:6      | Reached skill level 5 in Fighting
  5196 | D:6      | Reached *** piety under the Shining One
  5360 | D:6      | Bought a +0 kite shield of fire resistance for 161 gold
                  | pieces
  5417 | D:7      | Reached skill level 6 in Shapeshifting
  5453 | D:7      | Reached skill level 1 in Shields
  5465 | D:7      | Found a broken altar of Ashenzari.
  5523 | D:7      | Found a bloodstained altar of Trog.
  5708 | D:7      | Reached skill level 6 in Fighting
  5708 | D:7      | Reached skill level 2 in Shields
  5720 | D:7      | Found a flagged portal.
  5737 | Bailey   | Entered a bailey
  5773 | Bailey   | Reached skill level 3 in Shields
  5826 | Bailey   | Reached XP level 10. HP: 94/100 MP: 9/9
  5879 | Bailey   | Reached skill level 7 in Shapeshifting
  5924 | Bailey   | Noticed Prince Ribbit
  5924 | Bailey   | Noticed a vault guard
  5935 | Bailey   | Killed a vault guard
  5936 | Bailey   | Reached skill level 4 in Shields
  5936 | Bailey   | Reached skill level 1 in Invocations
  5938 | Bailey   | Killed Prince Ribbit
  5939 | Bailey   | Reached skill level 7 in Fighting
  5939 | Bailey   | Reached skill level 2 in Invocations
  5989 | Bailey   | Noticed a vault guard
  6000 | Bailey   | Killed a vault guard
  6139 | D:7      | Found a basalt altar of Yredelemnul.
  6144 | D:7      | Reached **** piety under the Shining One
  6149 | D:7      | Reached skill level 3 in Invocations
  6505 | D:7      | Reached skill level 5 in Shields
  6571 | D:7      | Identified +0 steam dragon scales
  6835 | D:8      | Found a shimmering blue altar of Sif Muna.
  6865 | D:8      | Reached skill level 4 in Invocations
  7147 | D:8      | Found a sparkling altar of Nemelex Xobeh.
  7214 | D:8      | Found a shadowy altar of Dithmenos.
  7305 | D:8      | Reached XP level 11. HP: 111/111 MP: 13/13
  7337 | D:8      | Found Purayhonn's Antique Armour Shoppe.
  7595 | D:8      | Found a shimmering altar of Xom.
  7761 | D:9      | Reached skill level 8 in Fighting
  7786 | D:9      | Reached skill level 6 in Shields
  7793 | D:9      | Reached skill level 5 in Invocations
  7890 | D:9      | Found a staircase to the Lair.
  7953 | D:9      | Reached skill level 7 in Shields
  8067 | D:9      | Found a transporter.
  8068 | D:9      | Identified a +0 robe of resistance
  8175 | D:9      | Found a transporter.
  8588 | D:10     | Entered Level 10 of the Dungeon
  8640 | D:10     | Found Hebb's Antique Weapon Emporium.
  8695 | D:10     | Identified the +0 spear "Meakoic" {venom, Dex+8}
  8737 | D:10     | Found a sacrificial altar of Ru.
  8737 | D:10     | Found a stormy altar of Qazlal.
  8750 | D:10     | Found Mattydec's Antique Armour Shoppe.
  8771 | D:10     | Found Vomig's Armour Shoppe.
  8827 | D:10     | Identified a +0 robe of resistance
  8827 | D:10     | Reached ***** piety under the Shining One
  8882 | D:10     | Found a hazy altar of Hepliaklqana.
  9071 | D:10     | Found Ulaong's Jewellery Emporium.
  9180 | D:10     | Reached skill level 11 in Unarmed Combat
  9185 | D:10     | Reached skill level 8 in Shields
  9223 | D:10     | Found Zoracyid's Antique Weapon Shoppe.
  9502 | D:11     | Noticed a two-headed ogre
  9508 | D:11     | Killed a two-headed ogre
  9770 | D:11     | Reached XP level 12. HP: 41/119 MP: 14/14
  9848 | D:11     | Got the Atlas of the Eagle
  9849 | D:11     | Found a runed translucent gate.
  9850 | D:11     | Found a runed translucent gate.
  9852 | D:11     | Found a runed translucent gate.
  9996 | D:11     | Reached skill level 9 in Shields
 10016 | D:11     | Found a staircase to the Orcish Mines.
 10121 | D:11     | Found a portal to a secret trove of treasure.
 10217 | D:11     | Noticed Raspi's ghost (journeyman OnBe)
 10460 | D:11     | Killed Raspi's ghost
 10461 | D:11     | Reached skill level 12 in Unarmed Combat
 10609 | D:11     | Identified 4 scrolls of acquirement
 10611 | D:11     | Acquired a manual of Fighting
 10613 | D:11     | Acquired a manual of Shapeshifting
 10615 | D:11     | Acquired the +0 tower shield of the Circus Animal {^Drain
                  | rElec rF+}
 10617 | D:11     | Acquired 960 gold pieces
 10720 | D:12     | Noticed Frances
 10730 | D:12     | Killed Frances
 10903 | D:12     | Noticed a two-headed ogre
 10907 | D:12     | Killed a two-headed ogre
 10984 | D:12     | Reached skill level 10 in Shields
 11136 | D:12     | Reached skill level 13 in Unarmed Combat
 11144 | D:12     | Noticed a two-headed ogre
 11150 | D:12     | Killed a two-headed ogre
 11539 | D:13     | Noticed a centaur warrior
 11546 | D:13     | Killed a centaur warrior
 11690 | D:13     | Noticed a two-headed ogre
 11693 | D:13     | Killed a two-headed ogre
 11968 | D:13     | Noticed a catoblepas
 11985 | D:13     | Killed a catoblepas
 11995 | D:13     | Reached skill level 11 in Shields
 12391 | D:2      | Killed Crazy Yiuf
 12651 | D:14     | Found a gate to the Vaults.
 12651 | D:14     | Noticed a vault guard
 12657 | D:14     | Killed a vault guard
 12792 | D:14     | Reached XP level 13. HP: 127/127 MP: 15/15
 13009 | D:14     | Reached skill level 14 in Unarmed Combat
 13317 | D:14     | Reached skill level 12 in Shields
 13348 | D:14     | Noticed an ettin
 13355 | D:14     | Killed an ettin
 13734 | D:14     | Reached skill level 15 in Unarmed Combat
 13832 | D:15     | Entered Level 15 of the Dungeon
 14061 | D:15     | Reached skill level 13 in Shields
 14607 | D:15     | Killed from afar by an ice dragon

Vanquished Creatures
  Frances (D:12)
  The ghost of Raspi the Warrior, a journeyman OnBe of Trog (D:11)
  An ettin (D:14)
  A rakshasa (D:15)
  3 vault guards
  A catoblepas (D:13)
  6 centaur warriors
  A dancing weapon (D:14)
  4 two-headed ogres
  2 boulder beetles
  2 tengu warriors
  3 skeletal warriors (D:14)
  An arcanist (D:14)
  3 deep elf pyromancers
  A wolf spider (D:14)
  An ugly thing (D:14)
  3 meliai (D:14)
  5 cyclopes
  4 manticores
  A gargoyle (D:12)
  6 komodo dragons
  An unseen horror (D:12)
  2 freezing wraiths
  An efreet (D:13)
  A kobold demonologist (D:12)
  A tengu conjurer (D:14)
  A komodo dragon (shapeshifter) (D:14)
  5 trolls
  A queen bee (shapeshifter) (D:14)
  A wolf spider simulacrum (D:12)
  A hornet (D:8)
  Prince Ribbit (Bailey)
  3 wraiths
  A vampire (D:6)
  4 centaur simulacra (D:11)
  2 shadows
  3 wyverns (D:9)
  4 humans (Bailey)
  7 yaks
  5 fire bats
  A yak (shapeshifter) (D:14)
  A basilisk (D:15)
  A steam dragon (D:7)
  3 acid dragons
  2 water moccasins (D:9)
  A hell hound (D:9)
  3 black bears
  2 laughing skulls (D:14)
  4 ice beasts
  2 sky beasts
  A meliai simulacrum (D:14)
  4 orc warriors
  3 ogres
  9 centaurs
  2 wolves (D:11)
  A phantom (D:5)
  2 kobold brigands (D:7)
  A weeping skull (D:7)
  15 bullfrogs
  3 gnoll sergeants
  13 scorpions
  5 wights
  14 killer bees
  An electric eel (D:11)
  3 howler monkeys (D:9)
  2 bombardier beetles (D:6)
  2 human zombies (Ossuary)
  8 hounds
  6 orc priests
  2 centaur zombies (Ossuary)
  Crazy Yiuf (D:2)
  3 jellies
  3 sleepcaps
  4 iguanas (D:8)
  Terence (D:3)
  25 orc wizards
  4 scorpion zombies (Ossuary)
  3 mummies (Ossuary)
  4 adders
  14 gnolls
  2 shadow imps (D:7)
  6 white imps
  5 ufetubi (D:11)
  2 adder zombies (Ossuary)
  A ribbon worm (D:2)
  2 dart slugs
  47 orcs
  8 ball pythons
  2 endoplasms (D:1)
  2 giant cockroaches
  9 hobgoblins
  8 jackals
  A ball python zombie (Ossuary)
  4 bats
  8 frilled lizards
  A gnoll zombie (Ossuary)
  12 goblins
  3 jackal zombies (Ossuary)
  7 kobolds
  An orc zombie (Ossuary)
  4 rats
  A spectral orc (D:7)
411 creatures vanquished.
